 Dungeon Crawl Stone Soup version 0.32-a0-799-g95e1662365 (webtiles) character file.

Game seed: 2302599965163801933

66 porpoise the Poker (level 3, 0/28 HPs)
             Began as a Demonspawn Gladiator on Mar 22, 2024.
             Succumbed to Sigmund's poison
             ... on level 3 of the Dungeon.
             The game lasted 00:04:47 (2119 turns).

porpoise the Poker (Demonspawn Gladiator)           Turns: 2119, Time: 00:04:47

Health: 0/28       AC:  5    Str: 16    XL:     3   Next: 96%
Magic:  3/3        EV: 10    Int:  8    God:
Gold:   125        SH:  0    Dex: 14    Spells: 2/2 levels left

rFire   . . .        a - +0 trident
rCold   . . .        (no shield)
rNeg    . . .        n - +0 ring mail
rPois   .            (helmet restricted)
rElec   .            (no cloak)
rCorr   .            (no gloves)
SInv    .            (no boots)
Will    .....        (no amulet)
Stlth   +            (no ring)
HPRegen 0.24/turn    (no ring)
MPRegen 0.16/turn

%: no passive effects
@: lethally poisoned (0 -> -15)
A: horns 1, magic regeneration
a: no special abilities


You were on level 3 of the Dungeon.
You visited 1 branch of the dungeon, and saw 3 of its levels.

You collected 125 gold pieces.

Inventory:

Hand Weapons
 a - a +0 trident (weapon)
 b - a +0 sling
Missiles
 d - 3 throwing nets (quivered)
 e - a javelin
 g - 3 poisoned darts
Armour
 n - a +0 ring mail (worn)
 s - an orb of light
Jewellery
 p - a ring of flight
Scrolls
 c - a scroll of identify {unknown}
 f - a scroll of revelation {unknown}
 h - 2 scrolls of noise {unknown}
 i - a scroll of enchant armour {unknown}
 k - a scroll of fog {unknown}
 m - a scroll of vulnerability {unknown}
 o - 2 scrolls of blinking {unknown}
 q - a scroll of immolation {unknown}
Potions
 j - 2 potions of curing {unknown}
 l - a potion of mutation {unknown}
 r - a potion of might {unknown}


   Skills:
 + Level 2.9 Fighting
 * Level 3.9 Polearms
 - Level 1.7 Throwing
 - Level 2.6 Dodging


You had 2 spell levels left.
You didn't know any spells.
Your spell library was empty.

Dungeon Overview and Level Annotations

Branches:
Dungeon (3/15)

Altars:
Uskayaw
Vehumet

Annotations:
D:3 Sigmund


Innate Abilities, Weirdness & Mutations

You have a pair of small horns on your head.
You regenerate magic rapidly.


Message History

You miss the adder. Your headbutt misses the adder.
The adder closely misses you.
Sigmund casts a spell.
Sigmund flickers and vanishes!
Deactivating autopickup; reactivate with Ctrl-A.
You hit the adder.
The adder is moderately wounded.
The adder bites you.
You hit the adder.
The adder is almost dead.
The adder barely misses you. The adder bites you.
You closely miss the adder.
The adder is almost dead.
The adder bites you but does no damage.
You hit the adder.
You kill the adder!
You reach to attack!
You hit the adder.
The adder is moderately wounded.
No reachable target in view!
No reachable target in view!
Something hits you but does no damage.
You are poisoned.
You see here an adder corpse.
You miss something.
You feel very sick. Something hits you.
You are more poisoned.
You puncture something!
You feel very sick. Something hits you.
You hit something.
* * * LOW HITPOINT WARNING * * *
You feel very sick.
You hit something but do no damage.
* * * LOW HITPOINT WARNING * * *
You feel sick. Something hits you.
* * * LOW HITPOINT WARNING * * *
You are more poisoned.
You hit something. Your headbutt misses something.
You die...

##### ....# ###.# #.#
###.###########
..............######
.##.####.#..#......#####
..#.# #.#......@{......
....# #.#.≈≈§≈≈≈§.≈≈§≈≈
..<.# #.#.§§....§.....≈
.#### #.#.≈.≈≈≈.≈≈≈≈≈.≈
.# #...§§≈S≈.§...≈.≈ .#
#.#.≈§§§≈.≈.≈.§.≈ +#
#.#.≈.§...≈.§§≈.≈ .
#.≈.≈≈≈≈≈.§≈§.≈


You could see an adder.

Vanquished Creatures
  Robin (D:2)
  An adder (D:3)
  A ribbon worm (D:2)
  4 ball pythons
  A bat (D:2)
  An endoplasm (D:1)
  3 giant cockroaches (D:2)
  7 goblins (D:2)
  5 hobgoblins (D:2)
  6 jackals
  2 frilled lizards (D:2)
  3 kobolds
  4 rats (D:2)
39 creatures vanquished.

Notes
Turn   | Place    | Note
-------+----------+-------------------------------------------
     0 | D:1      | porpoise the Demonspawn Gladiator began the quest for the
                  | Orb.
     0 | D:1      | Reached XP level 1. HP: 16/16 MP: 1/1
   326 | D:1      | Reached skill level 3 in Polearms
   568 | D:1      | Found a faded altar of an unknown god.
   688 | D:1      | Gained mutation: You have a pair of small horns on your
                  | head. [demonic ancestry]
   688 | D:1      | Reached XP level 2. HP: 18/22 MP: 2/2
   941 | D:2      | Noticed Robin
   963 | D:2      | Killed Robin
   966 | D:2      | Gained mutation: You regenerate magic rapidly. [demonic
                  | ancestry]
   966 | D:2      | Reached XP level 3. HP: 14/28 MP: 3/3
  2100 | D:3      | Found a radiant altar of Vehumet.
  2104 | D:3      | Found a hide-covered altar of Uskayaw.
  2107 | D:3      | Noticed Sigmund
  2119 | D:3      | Succumbed to Sigmund's poison

Illustrated notes

Levels and vault maps discovered:
D:1:      nicolae_arrival_somewhat_less_tricky_arrival, layout_basic,
          ebering_ecumenical_altar_petrified, minivault_27
D:2:      wad_river_or_something, layout_basic, uniq_robin
D:3:      layout_loops_corners, mainiacjoe_overflow_catwalk_spiral,
          uniq_jessica, uniq_sigmund

Skill      XL: |  1 |
---------------+----+-----
Polearms       | 3 |  3.9
Fighting       | |  2.9
Throwing       | |  1.7
Dodging        | |  2.6

Action                     || total
---------------------------++-------
  Melee: Trident           ||   122
         Headbutt          ||     8
 Armour: Leather armour    ||    20
         Ring mail         ||    32
  Dodge: Dodged            ||    55

Table legend: (Time is in decaauts)
 A = Elapsed time spent in this place.
 B = Non-inter-level travel time spent in this place.
 C = Inter-level travel time spent in this place.
 D = Time resting spent in this place.
 E = Time spent auto-exploring this place.
 F = Levels seen in this place.
 G = Mean time per level.
                   A        B        C        D        E       F      G
               +--------+--------+--------+--------+--------+-----+--------+
         Total |   2135 |   2061 |     74 |    365 |   1391 |   3 |  711.7 |
       Dungeon |   2135 |   2061 |     74 |    365 |   1391 |   3 |  711.7 |
               +--------+--------+--------+--------+--------+-----+--------+

Top non-repeatable levels by time:
     D:2: 1260 daAuts
     D:1: 820 daAuts
     D:3: 54 daAuts
